 Dungeon Crawl Stone Soup version 0.16.1-17-g773cdaf (webtiles) character file.

81255 lorenzova the Eclecticist (level 15, -9/72 HPs)
             Began as a Deep Elf Conjurer on Apr 22, 2015.
             Was a High Priest of Vehumet.
             Mangled by a death yak (20 damage)
             ... on level 8 of the Lair of Beasts.
             The game lasted 02:14:03 (31274 turns).

lorenzova the Eclecticist (Deep Elf Conjurer)      Turns: 31274, Time: 02:14:04

Health: -9/72      AC:  8    Str: 13    XL:     15   Next: 26%
Magic:  5/41       EV: 17    Int: 27    God:    Vehumet [*****.]
Gold:   1325       SH:  6    Dex: 19    Spells: 11 memorised, 13 levels left

rFire  + + .     SeeInvis .     X - +8 hand axe "lorenzova's Regret" {holy, Contam rPois rF++ rC+ Str+6}
rCold  + . .     Clarity  .     H - +0 troll leather armour {Snorg}
rNeg   . . .     SustAb   .     N - +2 buckler
rPois  +         Gourm    .     (no helmet)
rElec  .         Spirit   .     (no cloak)
rCorr  .         Warding  .     j - +2 pair of gloves
rMut   .         Stasis   .     d - +0 pair of boots {run}
MR     +....                    (no amulet)
Stlth  +++.......               F - +4 ring of dexterity (curse)
                                V - +2 ring of strength

@: quick, somewhat resistant to hostile enchantments, fairly stealthy
A: no striking features
a: Renounce Religion


You were on level 8 of the Lair of Beasts.
You worshipped Vehumet.
Vehumet was extremely pleased with you.
You were hungry.

You visited 3 branches of the dungeon, and saw 20 of its levels.
You also visited: Ice Cave.

You collected 1325 gold pieces.

Inventory:

Hand weapons
 q - a +1 dagger of protection
 X - the +8 hand axe "lorenzova's Regret" (weapon) {holy, Contam rPois rF++ rC+ Str+6}
   (You found it on level 8 of the Lair of Beasts)

   It has been blessed by the Shining One to cause great damage to the undead
   and demons.
   It affects your strength (+6).
   It greatly protects you from fire.
   It protects you from cold.
   It protects you from poison.
   It causes magical contamination when unequipped.
Armour
 d - a +0 pair of boots of running (worn)
 j - a +2 pair of gloves (worn)
 l - a +2 leather armour of positive energy
 H - a +0 troll leather armour (worn) {Snorg}
 N - a +2 buckler (worn)
Jewellery
 r - a +5 ring of protection
 y - an uncursed ring of see invisible
 C - an uncursed amulet of stasis
 F - a cursed +4 ring of dexterity (right hand)
 P - an uncursed ring of protection from fire
 V - a +2 ring of strength (left hand)
Magical devices
 c - a wand of digging (19)
 n - a wand of heal wounds (5)
 u - a wand of hasting (3)
 z - a wand of paralysis (6)
 B - a wand of frost (17)
 I - a wand of fire (6)
 J - a wand of disintegration (3)
 L - a wand of fire (9)
 M - a wand of paralysis (8)
 O - a wand of digging (14)
 T - a wand of heal wounds (5)
 U - a wand of cold (6)
Scrolls
 h - 3 scrolls of amnesia
 i - 4 scrolls of fear
 k - 2 scrolls of fog
 m - 4 scrolls of blinking
 s - a scroll of magic mapping
 t - 6 scrolls of remove curse
 D - 4 scrolls of identify
 E - 4 scrolls of teleportation
 Q - 3 scrolls of enchant weapon
 S - 2 scrolls of recharging
Potions
 a - 2 potions of flight
 e - 2 potions of agility
 f - 5 potions of restore abilities
 g - 13 potions of curing
 o - 2 potions of mutation
 p - 2 potions of might
 v - a potion of magic
 w - 5 potions of invisibility
 A - a potion of cure mutation
 G - 4 potions of heal wounds
 R - a potion of cancellation
 Z - a potion of brilliance
Miscellaneous
 W - a crystal ball of energy
Comestibles
 b - 9 bread rations
 x - 7 meat rations
 K - 6 beef jerkies


   Skills:
 - Level 7.7 Dodging
 - Level 5.2 Stealth
 + Level 19.8 Spellcasting
 + Level 18.2 Conjurations
 - Level 4.0 Translocations
 - Level 10.0 Fire Magic
 - Level 4.0 Earth Magic
 - Level 6.0 Evocations


You had 13 spell levels left.
You knew the following spells:

 Your Spells              Type           Power        Failure   Level  Hunger
a - Flame Tongue          Conj/Fire      #####        0%          1    None
b - Iskenderun's Battles  Conj/Chrm      ######..     1%          5    None
c - Iskenderun's Mystic   Conj           #######.     1%          4    None
d - Sticky Flame          Conj/Fire      #######.     1%          4    None
e - Conjure Flame         Conj/Fire      #######.     1%          3    None
f - Fireball              Conj/Fire      #######...   1%          5    None
g - Bolt of Magma         Conj/Fire/Erth ######....   1%          5    None
h - Blink                 Tloc           N/A          1%          2    None
i - Bolt of Cold          Conj/Ice       ######....   4%          6    #......
q - Magic Dart            Conj           ####         0%          1    None
s - Force Lance           Conj/Tloc      ######..     1%          4    None


Dungeon Overview and Level Annotations

Branches:
Dungeon (11/15)            Temple (1/1) D:4            Lair (8/8) D:10
 Shoals (0/5) Lair:5       Spider (0/5) Lair:3        Slime (0/6) Lair:6
    Orc (0/4) D:9

Altars:
Ashenzari
Cheibriados
Dithmenos
Elyvilon
Fedhas
Gozag
Kikubaaqudgha
Makhleb
Nemelex Xobeh
Okawaru
Qazlal
Ru
Sif Muna
Trog
Vehumet
Xom
Yredelemnul
Zin
The Shining One


Message History

* * * LOW HITPOINT WARNING * * *
You hit the plant.
The plant is lightly damaged.
You barely miss the death yak.
The death yak is severely wounded.
You hit the death yak but do no damage.
The death yak is moderately wounded.
You hit the death yak but do no damage.
The death yak burns!
The death yak gores you!
* * * LOW HITPOINT WARNING * * *
The death yak gores you but does no damage.
You block the death yak's attack. The death yak gores you.
* * * LOW HITPOINT WARNING * * *
The death yak burns!
The death yak burns!
The death yak burns!
The death yak burns!
The death yak stops burning.
There is a stone staircase leading up here.
The death yak gores you!!
You die...

.....#....#.#.......#....#.....#
......P........................#
....................#.......P.##
........#..P.......P##.......##
...##.###.P..........##......#
..##### ##..........#.#......#
.#.# #..........###.......###
...#######...............#P.#..#
........P##..P..@..........P..###
...........#....YY..........P#.#.
..PP.............................
.P..............Y................
.............#...................
............................P...P
....#............................
..P...P...)..................P..#
....##.P....P..P................#


You could see 3 death yaks.

Vanquished Creatures
  6 dire elephants (Lair:8)
  Snorg (Lair:6)
  Harold (D:10)
  7 hydras
  Erica (Lair:5)
  An anaconda (Lair:8)
  A catoblepas (Lair:7)
  16 death yaks
  Erolcha (D:8)
  2 unseen horrors (D:10)
  2 ice devils (IceCv)
  3 ice statues (IceCv)
  6 hill giants
  A necromancer (IceCv)
  Pikel (D:7)
  An oklob plant (Lair:8)
  An ugly thing (D:11)
  2 griffons
  A wolf spider (Lair:3)
  34 elephants
  Joseph (Lair:1)
  2 torpor snails (Lair:5)
  6 black mambas
  14 spiny frogs
  5 komodo dragons
  2 kobold demonologists (D:11)
  A polar bear (Lair:8)
  2 fire drakes
  A jumping spider (Lair:3)
  3 trolls
  Sonja (D:10)
  Grinder (D:6)
  2 two-headed ogres
  3 blue devils (IceCv)
  55 yaks
  2 redbacks (Lair:3)
  3 basilisks
  8 blink frogs
  Eustachio (D:10)
  2 wyverns
  10 hippogriffs
  3 wolves (Lair:8)
  3 hungry ghosts
  Edmund (D:8)
  15 water moccasins
  A swamp drake (D:9)
  14 ice beasts
  7 porcupines
  A slave (D:8)
  2 black bears
  2 necrophages
  4 sky beasts
  5 ogres
  4 orc warriors
  10 crocodiles
  An eye of draining (D:10)
  Sigmund (D:5)
  Duvessa (D:4)
  6 centaurs
  13 giant frogs
  4 big kobolds
  Blork the orc (D:6)
  A brain worm (Lair:6)
  3 scorpions
  10 killer bees
  3 vampire bats (D:3)
  7 wights (D:11)
  An electric eel (Lair:3)
  Dowan (D:4)
  4 crimson imps
  A wasp zombie (D:8)
  2 goliath beetles
  A centaur zombie (D:10)
  A quasit (D:7)
  10 orc priests
  2 draconian simulacra (IceCv)
  12 iguanas
  A centaur skeleton (D:8)
  18 jellies
  10 hounds
  9 orc wizards
  4 troll simulacra (IceCv)
  6 worker ants
  2 spriggan simulacra (IceCv)
  Ijyb (D:3)
  13 sheep
  A centaur simulacrum (IceCv)
  A hound zombie (D:4)
  Robin (D:3)
  29 adders
  2 hound skeletons
  A worker ant zombie (D:8)
  40 river rats
  A naga simulacrum (IceCv)
  3 shadow imps
  4 giant mites
  A worm (D:5)
  3 adder skeletons
  An adder zombie (D:6)
  11 giant geckos
  2 oozes
  59 orcs
  2 ball pythons
  A bat skeleton (D:3)
  3 bat zombies (D:3)
  9 giant cockroaches
  25 goblins
  16 hobgoblins
  5 jackals
  9 quokkas
  13 bats
  3 giant newts
  23 kobolds
  A quokka skeleton (D:5)
  A quokka zombie (D:8)
  8 rats
  3 ballistomycetes (D:8)
  6 bushes (Lair:8)
  2 fungi (Lair:5)
  8 plants
734 creatures vanquished.

Vanquished Creatures (others)
  An orc priest (D:8)
  3 orcs (D:8)
  A giant spore (D:8)
  A quokka skeleton (D:8)
  A ballistomycete (D:8)
  14 fungi
  3 plants
24 creatures vanquished.

Grand Total: 758 creatures vanquished

Notes
Turn   | Place    | Note
--------------------------------------------------------------
     0 | D:1      | lorenzova, the Deep Elf Conjurer, began the quest for the Orb.
     0 | D:1      | Reached XP level 1. HP: 10/10 MP: 5/5
     7 | D:1      | Noticed a hog
     7 | D:1      | Noticed an anaconda
     7 | D:1      | Noticed a six-headed hydra
   424 | D:1      | Reached XP level 2. HP: 15/15 MP: 1/8
  1303 | D:2      | Reached XP level 3. HP: 19/19 MP: 10/12
  1314 | D:2      | Reached skill level 5 in Conjurations
  1481 | D:2      | Found a stormy altar of Qazlal.
  1484 | D:2      | Noticed a fire elemental
  1491 | D:2      | Noticed an earth elemental
  1493 | D:2      | Noticed an air elemental
  1493 | D:2      | Noticed a water elemental
  1824 | D:2      | Reached XP level 4. HP: 24/24 MP: 13/15
  1830 | D:2      | Learned a level 4 spell: Iskenderun's Mystic Blast
  2227 | D:3      | Found an ancient bone altar of Kikubaaqudgha.
  2228 | D:3      | Noticed Robin
  2250 | D:3      | Reached skill level 5 in Spellcasting
  2250 | D:3      | Reached XP level 5. HP: 16/28 MP: 11/19
  2290 | D:3      | Reached skill level 6 in Conjurations
  2568 | D:3      | Killed Robin
  2716 | D:3      | Reached XP level 6. HP: 12/32 MP: 12/22
  2992 | D:3      | Found a burning altar of Makhleb.
  3054 | D:3      | Noticed Ijyb
  3062 | D:3      | Killed Ijyb
  3682 | D:3      | Noticed an ogre
  3690 | D:3      | Killed an ogre
  3690 | D:3      | Reached skill level 7 in Spellcasting
  4235 | D:4      | Reached XP level 7. HP: 36/36 MP: 17/25
  4439 | D:4      | Noticed Dowan
  4563 | D:4      | Noticed Duvessa
  4854 | D:4      | Killed Duvessa
  4854 | D:4      | Reached skill level 8 in Spellcasting
  4855 | D:4      | Killed Dowan
  5174 | D:4      | Reached skill level 9 in Spellcasting
  5174 | D:4      | Reached XP level 8. HP: 26/41 MP: 15/28
  5305 | D:4      | Found a staircase to the Ecumenical Temple.
  5309 | Temple   | Entered the Ecumenical Temple
  5358 | Temple   | Became a worshipper of Vehumet
  5693 | D:5      | Entered Level 5 of the Dungeon
  5934 | D:5      | Acquired Vehumet's first power
  5934 | D:5      | Offered knowledge of Flame Tongue by Vehumet.
  5955 | D:5      | Learned a level 1 spell: Flame Tongue
  6307 | D:5      | Reached skill level 10 in Spellcasting
  6316 | D:5      | Noticed Sigmund
  6373 | D:5      | Killed Sigmund
  6929 | D:6      | Noticed Grinder
  6939 | D:6      | Paralysed by Grinder for 5 turns
  6945 | D:6      | Killed Grinder
  7025 | D:6      | Reached skill level 11 in Spellcasting
  7025 | D:6      | Reached skill level 10 in Conjurations
  7188 | D:6      | Reached XP level 9. HP: 29/45 MP: 23/31
  7232 | D:6      | Offered knowledge of Sting by Vehumet.
  7234 | D:6      | Noticed Blork the orc
  7481 | D:6      | Killed Blork the orc
  8158 | D:7      | Found a deep blue altar of Sif Muna.
  8275 | D:7      | Got a coiled wooden ring
  8295 | D:7      | Identified the ring "Troti" {rElec MR+ Int-2 SInv} (You found it on level 7 of the Dungeon)
  8445 | D:7      | Reached skill level 1 in Fire Magic
  8503 | D:7      | Reached skill level 12 in Spellcasting
  8848 | D:8      | Noticed Erolcha
  8855 | D:8      | Killed Erolcha
  8886 | D:8      | Noticed Pikel
  8913 | D:8      | Offered knowledge of Conjure Flame by Vehumet.
  9040 | D:7      | Killed Pikel
  9040 | D:7      | Reached XP level 10. HP: 50/50 MP: 4/33
  9236 | D:8      | Reached skill level 5 in Fire Magic
  9432 | D:8      | Noticed Edmund
  9436 | D:8      | Killed Edmund
  9505 | D:8      | Found a shattered altar of Ashenzari.
  9507 | D:8      | Found a sparkling altar of Nemelex Xobeh.
  9507 | D:8      | Found a snail-covered altar of Cheibriados.
  9803 | D:9      | Acquired Vehumet's second power
  9987 | D:9      | Learned a level 5 spell: Iskenderun's Battlesphere
  9991 | D:9      | Learned a level 3 spell: Conjure Flame
 10340 | D:9      | Noticed a hill giant
 10346 | D:9      | Killed a hill giant
 10496 | D:9      | Reached skill level 13 in Spellcasting
 10612 | D:9      | Found a staircase to the Orcish Mines.
 10761 | D:9      | Offered knowledge of Sticky Flame by Vehumet.
 11022 | D:10     | Entered Level 10 of the Dungeon
 11056 | D:10     | Noticed a hill giant
 11060 | D:10     | Killed a hill giant
 11063 | D:10     | Noticed Sonja
 11070 | D:10     | Killed Sonja
 11199 | D:10     | Learned a level 4 spell: Sticky Flame
 11224 | D:10     | Noticed an unseen horror
 11229 | D:10     | Killed an unseen horror
 11229 | D:10     | Reached XP level 11. HP: 50/54 MP: 26/34
 11633 | D:10     | Noticed an unseen horror
 11638 | D:10     | Killed an unseen horror
 11640 | D:10     | Noticed Eustachio
 11643 | D:10     | Killed Eustachio
 11845 | D:10     | Acquired Vehumet's third power
 11967 | D:10     | Noticed Harold
 11988 | D:10     | Killed Harold
 12110 | D:10     | Identified Etivoexa's Papyrus of Quantum Dark Secrets
 12114 | D:10     | Found a staircase to the Lair.
 12401 | D:10     | Noticed a tengu warrior
 12662 | D:11     | Noticed a hill giant
 12668 | D:11     | Killed a hill giant
 12668 | D:11     | Offered knowledge of Force Lance by Vehumet.
 12739 | D:11     | Noticed a hill giant
 12754 | D:11     | Noticed a five-headed hydra
 12903 | D:11     | Found a frozen archway.
 12960 | D:11     | Reached skill level 10 in Fire Magic
 13134 | IceCv    | Entered an ice cave
 13151 | IceCv    | Reached skill level 14 in Spellcasting
 13196 | IceCv    | Learned a level 4 spell: Force Lance
 13202 | IceCv    | Learned a level 5 spell: Bolt of Magma
 13205 | IceCv    | Learned a level 2 spell: Blink
 13213 | IceCv    | Noticed an ice devil
 13223 | IceCv    | Killed an ice devil
 13259 | IceCv    | Noticed an ice statue
 13259 | IceCv    | Noticed an ice statue
 13303 | IceCv    | Noticed an ice devil
 13622 | IceCv    | Noticed a necromancer
 13626 | IceCv    | Killed a necromancer
 13695 | IceCv    | Killed an ice devil
 13695 | IceCv    | Reached skill level 5 in Stealth
 13695 | IceCv    | Reached XP level 12. HP: 14/59 MP: 22/36
 14030 | IceCv    | Noticed an ice statue
 14335 | IceCv    | Killed an ice statue
 14335 | IceCv    | Reached skill level 5 in Dodging
 14335 | IceCv    | Reached skill level 1 in Evocations
 14483 | IceCv    | Killed an ice statue
 14506 | IceCv    | Killed an ice statue
 14700 | D:11     | Noticed a hill giant
 14701 | D:11     | Noticed a hill giant
 14709 | D:11     | Killed a hill giant
 14714 | D:11     | Killed a hill giant
 14891 | D:11     | Killed a hill giant
 15002 | D:11     | Offered knowledge of Spellforged Servitor by Vehumet.
 15023 | D:11     | Reached skill level 5 in Evocations
 15586 | D:11     | Reached skill level 1 in Earth Magic
 15776 | D:11     | Killed a five-headed hydra
 15776 | D:11     | Reached skill level 1 in Translocations
 16075 | Lair:1   | Entered Level 1 of the Lair of Beasts
 16075 | Lair:1   | Noticed Joseph
 16079 | Lair:1   | Killed Joseph
 16926 | Lair:2   | Offered knowledge of Fireball by Vehumet.
 17038 | Lair:2   | Learned a level 5 spell: Fireball
 17248 | Lair:2   | Reached XP level 13. HP: 45/63 MP: 20/37
 17822 | Lair:2   | Found a burning altar of Makhleb.
 18292 | Lair:3   | Reached skill level 15 in Spellcasting
 18606 | Lair:3   | Identified a +0 pair of boots of running (You found it on level 3 of the Lair of Beasts)
 18926 | Lair:3   | Found a hole to the Spider Nest.
 19653 | Lair:4   | Offered knowledge of Delayed Fireball by Vehumet.
 20231 | Lair:4   | Reached skill level 15 in Conjurations
 20266 | Lair:4   | Reached skill level 16 in Spellcasting
 21385 | Lair:5   | Found a staircase to the Shoals.
 21927 | Lair:5   | Noticed Erica
 22060 | Lair:5   | Killed Erica
 22415 | Lair:5   | Reached skill level 17 in Spellcasting
 23038 | Lair:4   | Reached XP level 14. HP: 68/68 MP: 27/39
 23608 | Lair:6   | Found a staircase to the Slime Pits.
 23642 | Lair:6   | Offered knowledge of Lightning Bolt by Vehumet.
 23648 | Lair:6   | Noticed Snorg
 23655 | Lair:6   | Killed Snorg
 25174 | Lair:7   | Reached skill level 18 in Spellcasting
 26198 | Lair:8   | Entered Level 8 of the Lair of Beasts
 27225 | Lair:8   | Offered knowledge of Bolt of Cold by Vehumet.
 27235 | Lair:8   | Learned a level 6 spell: Bolt of Cold
 28518 | Lair:8   | Reached skill level 19 in Spellcasting
 30035 | Lair:8   | Reached XP level 15. HP: 72/72 MP: 7/41
 30381 | Lair:8   | Got a crude hand axe
 30382 | Lair:8   | Identified the +8 hand axe "lorenzova's Regret" {holy, Contam rPois rF++ rC+ Str+6} (You found it on level 8 of the Lair of Beasts)
 31274 | Lair:8   | Mangled by a death yak

Action                   |  1- 3 |  4- 6 |  7- 9 | 10-12 | 13-15 || total
-------------------------+-------+-------+-------+-------+-------++-------
Melee: Dagger            |     3 |       |    35 |    38 |   803 ||   879
       Short sword       |     2 |    67 |    21 |       |       ||    90
       Hand axe          |       |       |       |       |    33 ||    33
 Cast: Magic Dart        |    73 |    80 |   162 |   145 |    55 ||   515
       Iskenderun's Myst |       |     8 |    76 |    41 |    16 ||   141
       Flame Tongue      |       |       |   115 |   375 |   206 ||   696
       Iskenderun's Batt |       |       |       |    45 |    76 ||   121
       Conjure Flame     |       |       |       |    48 |    12 ||    60
       Sticky Flame      |       |       |       |    26 |   102 ||   128
       Bolt of Magma     |       |       |       |    14 |    85 ||    99
       Force Lance       |       |       |       |    14 |    84 ||    98
       Fireball          |       |       |       |       |    46 ||    46
       Bolt of Cold      |       |       |       |       |    20 ||    20
       Blink             |       |       |       |       |     1 ||     1
Evoke: Wand              |       |       |       |     2 |       ||     2
  Use: Scroll            |       |       |     3 |    18 |    17 ||    38
       Potion            |       |       |       |       |     4 ||     4
 Stab: Sleeping          |     2 |     5 |     1 |       |    11 ||    19
       Distracted        |       |       |       |       |     3 ||     3
  Eat: Chunk             |     2 |     9 |    15 |    13 |    20 ||    59
       Beef jerky        |       |       |     1 |       |     2 ||     3
       Pizza             |       |       |       |     1 |     3 ||     4
       Fruit             |       |       |       |    16 |    20 ||    36
